Map: Frozen Temple

Players

Crowbar

  • Race: Zerg Zerg
  • League: Master

Miszu - Winner!

  • Race: Terran Terran
  • League: Master

VOD

Have the link to the VOD?

Description

Time

  • Played on: April 26, 2016, 12:07 p.m.
  • Length: 10:38
Show
View Real Time Build Order
Export as new Build Order

Crowbar Zerg 

Build Orders: Hatch First, Muta Ling Bane 

Get SALT Encoding   

  12  0:00  Drone  
  13  0:12  Overlord  
  13  0:17  Drone  
  14  0:30  Drone x2  
  16  0:49  Hatchery  
  15  0:51  Drone  
  15  0:54  Drone  
  17  1:10  Spawning Pool  
  17  1:11  Drone  
  17  1:16  Drone  
  18  1:27  Drone  
  19  1:41  Hatchery  
  19  1:46  Drone  
  19  1:51  Extractor  
  19  1:53  Drone  
  19  1:57  Queen  
  21  2:04  Queen  
  21  2:07  Zergling x2  
  24  2:10  Zergling x2  
  25  2:16  Overlord  
  25  2:19  Drone  
  26  2:24  Drone  
  27  2:35  Queen  
  29  2:39  Drone  
  30  2:46  Overlord  
  30  2:48  Drone  
  31  2:53  Metabolic Boost  
  31  2:57  Drone  
  32  3:06  Drone x4  
  32  3:12  Drone x2  
  38  3:20  Queen  
  38  3:24  Zergling x2  
  38  3:26  Drone x2  
  43  3:28  Drone  
  43  3:32  Zergling x2  
  45  3:36  Drone x3  
  45  3:40  Overlord  
  48  3:44  Overlord  
  48  3:49  Lair  
  48  3:57  Roach Warren  
  48  4:00  Drone x3  
  50  4:03  Overlord  
  50  4:08  Drone  
  50  4:09  Drone x2  
  53  4:13  Evolution Chamber  
  53  4:16  Evolution Chamber  
  52  4:17  Drone x2  
  53  4:25  Zergling x2  
  53  4:26  Zergling x10  
  59  4:34  Queen  
  59  4:36  Zergling x4  
  59  4:37  Drone x2  
  59  4:56  Extractor, Drone  
  59  4:57  Extractor, Drone x4  
  59  4:58  Drone x2  
  64  5:04  Drone x2  
  64  5:06  Overseer  
  66  5:13  Extractor  
  65  5:21  Overlord  
  65  5:25  Drone  
  65  5:26  Overlord x2  
  66  5:29  Spore Crawler  
  65  5:42  Zerg Melee Weapons Level 1, Zerg Ground Armor Level 1  
  62  5:46  Drone  
  62  5:47  Drone x5  
  65  5:51  Drone x4  
  65  5:52  Drone  
  65  5:53  Drone x4  
  65  5:54  Extractor  
  65  5:55  Extractor, Hatchery  
  71  6:01  Baneling Nest  
  70  6:06  Zergling x4  
  70  6:07  Zergling x8  
  70  6:08  Spire  
  75  6:14  Overlord  
  75  6:19  Drone  
  75  6:24  Drone x3  
  79  6:26  Drone  
  80  6:35  Drone x2  
  80  6:36  Drone  
  80  6:38  Drone  
  84  6:44  Zergling x2  
  84  6:45  Zergling x12  
  91  6:50  Overlord, Centrifical Hooks  
  91  6:51  Extractor  
  91  6:52  Zergling x2  
  91  6:53  Zergling x4  
  93  6:57  Hatchery  
  92  7:04  Baneling  
  92  7:05  Baneling x5  
  92  7:06  Zergling x12  
  98  7:20  Zerg Flyer Weapons Level 1, Mutalisk x7  
  98  7:22  Overlord x4  
  112  7:43  Drone x4  
  116  7:47  Baneling  
  116  7:48  Zergling x2, Baneling x13  
  116  7:49  Zergling x18  
  126  7:52  Overlord x2  
  126  7:56  Overlord  
  126  7:57  Mutalisk x3  
  128  8:10  Drone  
  129  8:13  Extractor  
  129  8:14  Infestation Pit  
  127  8:26  Mutalisk x4  
  135  8:28  Overlord x3  
  135  8:29  Zergling x22  
  135  8:30  Zergling x2  
  144  8:42  Baneling x8  
  144  8:44  Drone x2  
  144  8:45  Drone x4  
  147  8:57  Hive  
  147  8:58  Zergling x20  
  157  9:08  Zergling x18  
  166  9:10  Overseer x2  
  158  9:25  Zergling x14  
  158  9:26  Zergling x8  
  158  9:29  Baneling x13  
  158  9:30  Zergling x4  
  148  9:41  Zergling x20  
  148  9:45  Baneling x6  
  146  9:56  Zergling x18  
  146  9:57  Zergling x4  
  149  10:00  Zergling x4  
  140  10:11  Baneling  
  140  10:12  Zergling x2, Baneling x7, Drone x2  
  140  10:13  Zergling x12  
  128  10:17  Zergling x2  
Show
View Real Time Build Order
Export as new Build Order

Miszu Terran - Winner!

Build Orders: Reaper Expand, MMM Bio 

Get SALT Encoding   

  12  0:00  SCV  
  13  0:12  SCV  
  14  0:17  Supply Depot  
  14  0:25  SCV  
  15  0:39  SCV  
  15  0:41  Barracks  
  16  0:46  Refinery  
  16  0:51  SCV  
  17  1:03  SCV  
  18  1:15  SCV  
  19  1:29  Orbital Command  
  19  1:30  Reaper  
  20  1:40  Command Center  
  20  1:51  Supply Depot  
  20  1:55  SCV  
  21  2:02  Marine  
  21  2:07  SCV  
  23  2:15  Factory  
  23  2:19  SCV  
  24  2:27  Barracks Reactor  
  24  2:31  SCV  
  25  2:42  Command Center  
  25  2:44  SCV  
  26  2:55  Orbital Command  
  26  2:56  SCV  
  27  3:07  Hellion  
  27  3:08  Hellion, SCV  
  27  3:09  Barracks Tech Lab  
  32  3:16  Armory  
  32  3:20  SCV  
  32  3:22  SCV  
  32  3:26  Refinery  
  34  3:32  SCV  
  34  3:33  Hellion x2  
  39  3:34  SCV  
  39  3:40  Marine  
  41  3:44  SCV  
  41  3:46  SCV  
  41  3:48  Stimpack  
  43  3:49  Supply Depot  
  43  3:56  SCV, Orbital Command  
  43  3:58  SCV  
  45  4:04  Hellion  
  45  4:05  Hellion  
  45  4:08  SCV  
  45  4:09  Marine  
  51  4:10  SCV  
  52  4:17  Engineering Bay  
  52  4:20  SCV  
  54  4:25  SCV  
  54  4:28  Orbital Command  
  54  4:39  SCV  
  55  4:46  SCV  
  55  4:52  SCV  
  55  4:55  Refinery  
  55  4:56  Engineering Bay, Refinery  
  55  4:57  SCV  
  55  4:58  SCV  
  57  5:02  Barracks  
  57  5:03  Barracks  
  57  5:04  Barracks, SCV, Factory Reactor  
  57  5:06  Barracks  
  58  5:09  SCV  
  58  5:10  Supply Depot, SCV  
  60  5:15  Marine  
  60  5:16  SCV  
  60  5:20  Terran Infantry Weapons Level 1  
  60  5:21  SCV  
  63  5:22  Terran Infantry Armor Level 1  
  63  5:23  SCV  
  63  5:28  SCV  
  65  5:33  SCV  
  65  5:34  Supply Depot  
  65  5:35  SCV  
  66  5:40  SCV  
  63  5:44  Marine  
  63  5:45  SCV  
  63  5:47  SCV  
  63  5:49  Starport  
  66  5:51  Factory Reactor  
  66  5:52  SCV  
  66  5:53  Barracks Reactor x2  
  66  5:54  Supply Depot  
  67  5:57  SCV  
  67  5:58  Marine  
  67  5:59  Marine, SCV  
  67  6:01  Marine x2  
  67  6:02  Marine, Combat Shields  
  74  6:04  SCV  
  74  6:09  SCV  
  74  6:10  Supply Depot  
  77  6:11  SCV  
  77  6:16  Marine x2, SCV  
  80  6:18  Armory  
  80  6:19  Supply Depot  
  80  6:20  Marauder  
  80  6:21  SCV  
  80  6:22  Marine x2  
  80  6:23  SCV  
  86  6:28  SCV  
  87  6:33  SCV  
  87  6:34  Supply Depot  
  87  6:35  SCV  
  87  6:37  Barracks  
  87  6:39  Barracks x2  
  89  6:40  SCV  
  89  6:42  Supply Depot  
  89  6:45  SCV  
  89  6:46  Marine  
  92  6:47  SCV  
  92  6:48  Marine x5  
  92  6:49  Marine  
  92  6:53  Medivac  
  102  6:55  Medivac, Factory Reactor  
  102  6:58  Supply Depot  
  106  7:04  Refinery, Marauder, Marine  
  106  7:06  Supply Depot  
  106  7:09  Factory  
  106  7:18  Marine x4  
  106  7:19  Marine  
  106  7:21  Marine  
  106  7:22  Supply Depot  
  112  7:23  Medivac  
  112  7:25  Medivac  
  112  7:26  Marauder  
  112  7:28  Marine  
  112  7:29  Supply Depot, Marine  
  120  7:30  Barracks Tech Lab  
  120  7:31  Barracks Tech Lab  
  120  7:32  Barracks Tech Lab  
  120  7:36  Marine  
  121  7:37  Marine  
  121  7:38  Widow Mine  
  124  7:45  Supply Depot  
  124  7:46  Marine  
  124  7:47  Marine x5, Marauder  
  132  7:54  Marine, Factory Tech Lab  
  132  7:57  Supply Depot  
  132  7:58  Supply Depot, Widow Mine  
  133  7:59  Marauder  
  137  8:07  Widow Mine  
  137  8:08  Supply Depot, Marauder x2  
  137  8:09  Medivac x2  
  137  8:10  Terran Infantry Armor Level 2  
  137  8:11  Terran Infantry Weapons Level 2  
  147  8:15  Thor  
  147  8:18  Drilling Claws  
  153  8:26  Supply Depot  
  153  8:28  Marauder x2, Concussive Shells  
  157  8:35  SCV  
  157  8:40  Missile Turret  
  155  8:42  Missile Turret  
  155  8:45  SCV x2  
  155  8:46  Marauder, Widow Mine  
  155  8:47  Widow Mine  
  155  8:48  SCV  
  164  8:55  Command Center  
  164  8:56  Marine  
  164  8:57  Marauder, SCV  
  168  9:03  Thor  
  168  9:05  Marauder  
  168  9:06  Medivac  
  178  9:18  SCV x2  
  178  9:23  Marauder, SCV  
  160  9:30  SCV  
  160  9:31  SCV  
  160  9:35  SCV  
  139  9:39  Marauder  
  139  9:41  Marine x6, Marauder  
  139  9:43  SCV x2  
  139  9:44  Widow Mine  
  151  9:47  SCV  
  150  9:55  SCV  
  150  9:56  Marauder  
  150  9:57  SCV  
  148  10:05  Marine, Marauder  
  150  10:12  Marauder  
  137  10:15  Marauder  
  137  10:19  Marine  
Tags
 
Add a new tag
Caveats
  • Supply blocks, unpowered buildings, or Contaminate may cause inaccurate times.
  • Supply counts are checked every 10 seconds.